 Dungeon Crawl Stone Soup version 0.28-a0-872-g80cf8599ee (webtiles) character file.

Game seed: 1711516490814061565

211 Crownlay the Digger (level 5, -3/28 HPs)
             Began as a Gargoyle Earth Elementalist on Nov 20, 2021.
             Slain by an ice beast (7 damage)
             ... on level 4 of the Dungeon.
             The game lasted 00:04:48 (3521 turns).

Crownlay the Digger (Gargoyle Earth Elementalist)   Turns: 3521, Time: 00:04:49

Health: -3/28      AC:  6    Str: 12    XL:     5   Next: 88%
Magic:  1/11       EV: 11    Int: 16    God:
Gold:   126        SH:  0    Dex: 10    Spells: 9/13 levels left

rFire   . . .      SeeInvis .   m - +0 flail (protect)
rCold   . . .      Faith    .   (no shield)
rNeg    + . .      Spirit   .   b - +0 robe
rPois   ∞          Reflect  .   (no helmet)
rElec   +          Harm     .   (no cloak)
rCorr   .          Rampage  .   (no gloves)
Will    .....                   (no boots)
Stlth   ++........              (no amulet)
HPRegen 0.09/turn               (no ring)
MPRegen 0.12/turn               (no ring)

@: no status effects
A: sickness immunity, AC +4, negative energy resistance 1, electricity
resistance, torment resistance 1, petrification resistance
a: no special abilities


You were on level 4 of the Dungeon.
You visited 1 branch of the dungeon, and saw 4 of its levels.

You collected 126 gold pieces.

Inventory:

Hand Weapons
 g - a +0 dagger of venom
 h - a +1 dagger of holy wrath
 m - a +0 flail of protection (weapon)
Missiles
 l - 4 stones
Armour
 b - a +0 robe (worn)
Magical Staves
 q - a staff of fire
Wands
 o - a wand of paralysis (9)
Scrolls
 a - 2 scrolls of identify
 c - 2 scrolls of teleportation
 i - a scroll of enchant weapon {unknown}
 j - a scroll of immolation {unknown}
 k - a scroll of vulnerability {unknown}
Potions
 d - a potion of berserk rage {unknown}
 e - a potion of ambrosia {unknown}
 f - a potion of attraction {unknown}
 n - a potion of heal wounds {unknown}
 p - a potion of brilliance {unknown}


   Skills:
 - Level 1.5 Dodging
 - Level 2.1 Stealth
 * Level 4.6 Spellcasting
 - Level 0.7 Transmutations
 + Level 5.2 Earth Magic


You had 9 spell levels left.
You knew the following spells:

 Your Spells              Type           Power      Damage    Failure   Level
a - Sandblast             Erth           40%        2d10      1%          1
b - Stone Arrow           Conj/Erth      24%        3d8       16%         3

Your spell library contained the following spells:

 Spells                   Type           Power      Damage    Failure   Level
 Passwall                 Tmut/Erth      10%        N/A       7%          2
 Animate Skeleton         Necr           6%         N/A       16%         1
 Apportation              Tloc           6%         N/A       16%         1
 Pain                     Necr           12%        1d4       16%         1
 Vampiric Draining        Necr           3%         2d6       43%         3
 Petrify                  Tmut/Erth      13%        N/A       43%         4
 Alistair's Intoxication  Tmut/Pois      2%         N/A       98%         5


Dungeon Overview and Level Annotations

Branches:
Dungeon (4/15)
 Temple: D:4-7

Altars:
Hepliaklqana
Makhleb
Nemelex Xobeh
Qazlal
Xom
Zin

Shops:
D:1 ?


Innate Abilities, Weirdness & Mutations

You are immune to sickness and miasma.
Your stone body is resilient. (AC +4)
You are immune to poison.
You resist negative energy. (rN+)
You are resistant to electric shocks. (rElec)
You are resistant to unholy torment.
You are immune to petrification.


Message History

Aim: an ice beast (severely wounded, 68% to hit)
You miscast Stone Arrow.
You are very lightly contaminated with residual magic.
Nothing appears to happen.
The ice beast hits you. The ice beast freezes you!
You barely miss the ice beast.
The ice beast is severely wounded.
The ice beast misses you.
The ice beast hits you but does no damage.
You hit the ice beast.
Your weapon exudes an aura of protection.
The ice beast is almost dead.
The ice beast hits you. The ice beast freezes you!
* * * LOW HITPOINT WARNING * * *
Casting: Stone Arrow (quite dangerous; 16% risk of failure)
Confirm with . or Enter, or press ? or * to list all spells.
Aiming: Sandblast (safe; 1% risk of failure)
Press: ? - help, Shift-Dir - straight line, f/p - ice beast
Aim: an ice beast (almost dead, 81% to hit)
The blast of sand misses the ice beast.
l - 5 stones The ice beast barely misses you.
Your magical contamination has completely faded away.
Casting: Sandblast (safe; 1% risk of failure)
Confirm with . or Enter, or press ? or * to list all spells.
Aiming: Sandblast (safe; 1% risk of failure)
Press: ? - help, Shift-Dir - straight line, f/p - ice beast
Aim: an ice beast (severely wounded, 81% to hit)
Okay, then.
Casting: Sandblast (safe; 1% risk of failure)
Confirm with . or Enter, or press ? or * to list all spells.
Aiming: Sandblast (safe; 1% risk of failure)
Press: ? - help, Shift-Dir - straight line, f/p - ice beast
Aim: an ice beast (severely wounded, 81% to hit)
The blast of sand hits the ice beast but does no damage.
The ice beast is severely wounded.
l - 4 stones The ice beast hits you.
* * * LOW HITPOINT WARNING * * *
The ice beast freezes you!
You die...

### ... #######
####.#### #.....#
#.......####.###.#####
.............# #.>...#
.....##.####.###.###<#
........# #..Y@.# #.#
.....##)# ####### #.#
...# ... #.# #$ ...##
..# .##># ### .. #.#
.. #.# .# #.#


You could see an ice beast.

Vanquished Creatures
  Jessica (D:2)
  2 hound skeletons
  7 adders
  3 gnolls (D:3)
  A worm (D:3)
  3 dart slugs (D:1)
  9 endoplasms
  3 giant cockroaches
  9 goblins
  4 hobgoblins
  4 kobolds (D:1)
  4 ball pythons
  7 bats
  2 frilled lizards (D:2)
  3 rats
62 creatures vanquished.

Notes
Turn   | Place    | Note
-------+----------+-------------------------------------------
     0 | D:1      | Crownlay the Gargoyle Earth Elementalist began the quest
                  | for the Orb.
     0 | D:1      | Reached XP level 1. HP: 10/10 MP: 3/3
   274 | D:1      | Found Qebb's Magic Scroll Shop.
   416 | D:1      | Reached XP level 2. HP: 9/15 MP: 5/5
  1029 | D:1      | Reached skill level 4 in Earth Magic
  1252 | D:1      | Reached XP level 3. HP: 19/19 MP: 4/7
  1860 | D:2      | Reached XP level 4. HP: 22/24 MP: 6/9
  1875 | D:2      | Learned a level 3 spell: Stone Arrow
  1887 | D:2      | Noticed Jessica
  1888 | D:2      | Killed Jessica
  1937 | D:2      | Found a faded altar of an unknown god.
  2144 | D:2      | Reached XP level 5. HP: 28/28 MP: 6/11
  2337 | D:2      | You fall into a shaft and drop 2 floors!
  2363 | D:3      | Reached skill level 5 in Earth Magic
  3361 | D:3      | Found a shimmering altar of Xom.
  3361 | D:3      | Found a hazy altar of Hepliaklqana.
  3383 | D:3      | Found a faded altar of an unknown god.
  3385 | D:3      | Found a sparkling altar of Nemelex Xobeh.
  3387 | D:3      | Found a stormy altar of Qazlal.
  3439 | D:3      | Found a glowing silver altar of Zin.
  3439 | D:3      | Found a burning altar of Makhleb.
  3440 | D:3      | Noticed a blizzard demon
  3440 | D:3      | Noticed an angel
  3490 | D:4      | Noticed an ice beast
  3521 | D:4      | Slain by an ice beast

Illustrated notes

Levels and vault maps discovered:
D:1:      dpeg_arrival_rhombi, layout_loops_cross, serial_shops,
          nicolae_shop_crystal
D:2:      layout_basic, chequers_ecumenical_altar_island, nrook_campfire,
          uniq_jessica
D:3:      layout_basic, grunt_temple_overflow_order_and_chaos_2,
          chequers_temple_overflow_minitemple
D:4:      minmay_spotlight, layout_loops_ring, minmay_small_thing

Skill      XL: |  1  2  3  4  5 |
---------------+----------------+-----
Earth Magic    | 4 5 |  5.2
Spellcasting   | 3 4 |  4.6
Dodging        | |  1.5
Stealth        | |  2.1
Transmutations | |  0.7

Action                   |  1- 3 |  4- 6 || total
-------------------------+-------+-------++-------
Melee: Dagger            |    18 |    25 ||    43
       Flail             |       |    26 ||    26
 Cast: Sandblast         |    48 |    12 ||    60
       Stone Arrow       |       |    17 ||    17
  Use: Scroll            |       |     1 ||     1
 Stab: Sleeping          |       |     1 ||     1
Armor: Robe              |    20 |    24 ||    44
Dodge: Dodged            |    29 |    41 ||    70

Table legend: (Time is in decaauts)
 A = Elapsed time spent in this place.
 B = Non-inter-level travel time spent in this place.
 C = Inter-level travel time spent in this place.
 D = Time resting spent in this place.
 E = Time spent auto-exploring this place.
 F = Levels seen in this place.
 G = Mean time per level.
                   A        B        C        D        E       F      G
               +--------+--------+--------+--------+--------+-----+--------+
         Total |   3530 |   3430 |    100 |      0 |   2979 |   4 |  882.5 |
       Dungeon |   3530 |   3430 |    100 |      0 |   2979 |   4 |  882.5 |
               +--------+--------+--------+--------+--------+-----+--------+

Top non-repeatable levels by time:
     D:1: 1624 daAuts
     D:3: 948 daAuts
     D:2: 895 daAuts
     D:4: 62 daAuts
